 Dungeon Crawl Stone Soup version 0.22.1-2-g9c5b331 (webtiles) character file.

58771 gruber the Thaumaturge (level 14, -2/111 HPs)
             Began as a Gnoll Skald on Dec 2, 2018.
             Was the Champion of Makhleb.
             Slain by a harpy (4 damage)
             ... summoned by Kirke
             ... on level 13 of the Dungeon on Dec 3, 2018.
             The game lasted 00:59:47 (21692 turns).

gruber the Thaumaturge (Gnoll Skald)               Turns: 21692, Time: 00:59:48

Health: -2/111     AC: 16    Str: 17    XL:     14   Next: 92%
Magic:  28/28      EV: 17    Int: 28    God:    Makhleb [******]
Gold:   1056       SH:  6    Dex: 15    Spells: 21/34 levels left

rFire    + + .     SeeInvis .   r - +0 trident
rCold    + . .     Gourm    .   e - +0 buckler
rNeg     + + .     Faith    .   A - +4 ring mail {rN+}
rPois    +         Spirit   .   p - +1 helmet
rElec    .         Reflect  .   C - scarf {rC+ rF+}
rCorr    .         Harm     .   K - +0 pair of gloves of Undesirable Species {rN+ Int+4 Slay+2}
MR       +....                  u - +0 pair of boots
Stlth    +++++.....             (no amulet)
HPRegen  0.28/turn              a - ring "Poogay" {rPois rF+ Str+4 Int+3}
MPRegen  0.21/turn              D - ring of stealth

@: no status effects
A: distributed training, fangs 1, strong nose
a: Minor Destruction, Lesser Servant of Makhleb, Major Destruction, Greater
Servant of Makhleb, Renounce Religion


You were on level 13 of the Dungeon.
You worshipped Makhleb.
Makhleb was exalted by your worship.
You were hungry.

You visited 4 branches of the dungeon, and saw 21 of its levels.

You collected 1390 gold pieces.
You spent 334 gold pieces at shops.

Inventory:

Hand Weapons
 r - a +0 trident (weapon)
 T - a +0 eveningstar
 Y - a +0 antimagic eveningstar
Armour
 e - a +0 buckler (worn)
 p - a +1 helmet (worn)
 u - a +0 pair of boots (worn)
 A - a +4 ring mail of positive energy (worn)
 C - a scarf of resistance (worn)
 K - the +0 pair of gloves of Undesirable Species (worn) {rN+ Int+4 Slay+2}
   (You acquired it on level 12 of the Dungeon)

   It affects your intelligence (+4).
   It affects your accuracy and damage with ranged weapons and melee attacks
   (+2).
   It protects you from negative energy.
Jewellery
 a - the ring "Poogay" (left hand) {rPois rF+ Str+4 Int+3}
   (You found it on level 5 of the Dungeon)

   [ring of protection from fire]

   It affects your strength (+4).
   It affects your intelligence (+3).
   It protects you from fire.
   It protects you from poison.
 D - a ring of stealth (right hand)
 S - an uncursed ring of ice
 Z - an uncursed ring of see invisible
Wands
 b - a wand of paralysis (16)
 v - a wand of flame (74)
 y - a wand of digging (12)
 B - a wand of scattershot (9)
 P - a wand of iceblast (22)
Scrolls
 c - 15 scrolls of identify
 f - 10 scrolls of enchant armour
 g - 5 scrolls of enchant weapon {unknown}
 i - 6 scrolls of immolation {unknown}
 j - 2 scrolls of amnesia {unknown}
 k - 8 scrolls of teleportation
 l - 17 scrolls of remove curse
 n - 4 scrolls of fear
 o - 4 scrolls of blinking {unknown}
 q - 3 scrolls of random uselessness {unknown}
 t - 5 scrolls of noise {unknown}
 z - 6 scrolls of magic mapping
 E - 2 scrolls of fog {unknown}
 L - 2 scrolls of torment {unknown}
Potions
 h - 4 potions of brilliance
 m - 2 potions of lignification
 s - 6 potions of curing
 x - 2 potions of might
 F - 2 potions of invisibility
 G - 2 potions of resistance
 I - 2 potions of flight
 N - a potion of haste
 Q - 3 potions of agility
 U - 2 potions of berserk rage
 W - a potion of magic
Miscellaneous
 J - a lamp of fire
 O - a phial of floods
Comestibles
 d - 55 rations


   Skills:
 + Level 10.4 Fighting
 + Level 9.4 Short Blades
 + Level 9.4 Long Blades
 + Level 9.4 Axes
 + Level 9.4 Maces & Flails
 + Level 10.4 Polearms
 + Level 9.4 Staves
 + Level 9.4 Slings
 + Level 9.4 Bows
 + Level 9.4 Crossbows
 + Level 9.4 Throwing
 + Level 9.8 Armour
 + Level 10.4 Dodging
 + Level 9.4 Stealth
 + Level 9.4 Shields
 + Level 9.4 Unarmed Combat
 + Level 10.6 Spellcasting
 + Level 7.9 Conjurations
 + Level 7.9 Hexes
 + Level 9.6 Charms
 + Level 7.9 Summonings
 + Level 7.9 Necromancy
 + Level 7.9 Translocations
 + Level 7.9 Transmutations
 + Level 7.9 Fire Magic
 + Level 7.9 Ice Magic
 + Level 7.9 Air Magic
 + Level 7.9 Earth Magic
 + Level 7.9 Poison Magic
 + Level 10.2 Invocations
 + Level 9.4 Evocations


You had 21 spell levels left.
You knew the following spells:

 Your Spells              Type           Power        Failure   Level  Hunger
a - Infusion              Chrm           ####         1%          1    None
b - Shroud of Golubria    Chrm/Tloc      ######....   1%          2    None
c - Regeneration          Chrm/Necr      ######....   1%          3    None
d - Spectral Weapon       Hex/Chrm       ######..     1%          3    None
e - Animate Dead          Necr           N/A          2%          4    None

Your spell library contained the following spells:

 Spells                   Type           Power        Failure   Level  Hunger
 Animate Skeleton         Necr           N/A          1%          1    None
 Beastly Appendage        Tmut           ######       1%          1    None
 Pain                     Necr           ####         1%          1    None
 Song of Slaying          Chrm           ######..     1%          2    None
 Sticks to Snakes         Tmut           ######..     1%          2    None
 Spider Form              Tmut/Pois      ######....   1%          3    None
 Vampiric Draining        Necr           ######....   1%          3    None
 Ice Form                 Ice/Tmut       ######..     2%          4    None
 Blade Hands              Tmut           ######....   6%          5    ###....
 Silence                  Hex/Air        ######....   6%          5    ###....
 Deflect Missiles         Chrm/Air       ######....   26%         6    #####..
 Freezing Cloud           Conj/Ice/Air   ######....   34%         6    #####..


Dungeon Overview and Level Annotations

Branches:
Dungeon (13/15)            Temple (1/1) D:4            Lair (6/6) D:11
  Swamp (0/4) Lair:3       Spider (0/4) Lair:3        Slime (0/5) Lair:5
    Orc (1/2) D:10
 Vaults: D:13-14

Altars:
Ashenzari
Cheibriados
Dithmenos
Elyvilon
Fedhas
Gozag
Hepliaklqana
Kikubaaqudgha
Makhleb
Nemelex Xobeh
Qazlal
Ru
Sif Muna
Trog
Uskayaw
Vehumet
Wu Jian
Xom
Yredelemnul
Zin
The Shining One
Beogh
Jiyva

Shops:
D:5 }   D:6 !   D:7 ?   D:10 =

Portals:
Trove: D:13 (give 9 potions of agility)

Annotations:
D:13 Kirke
Lair:1 2 transporters, smtktc's ghost, novice DECj
Lair:2 1 runed door, Jaiteiro's ghost, journeyman HaHu
Orc:1 Nergalle


Innate Abilities, Weirdness & Mutations

Your experience applies equally to all skills.
You have very sharp teeth.
Your uncanny sense of smell can sniff out nearby items.


Message History

* * * LOW HITPOINT WARNING * * *
The harpy claws you but does no damage.
A titanic slime creature splits.
Unknown command.
The harpy claws you!
* * * LOW HITPOINT WARNING * * *
The harpy claws you but does no damage. The harpy closely misses you.
You block the harpy's attack.
A large slime creature splits.
The harpy closely misses you. x2; The harpy claws you but does no damage.
The harpy completely misses you.
A very large slime creature splits.
You block the harpy's attack. The harpy misses you.
The slime creature barely misses you.
Two slime creatures merge to form a very large slime creature.
The harpy closely misses you. x2; The harpy claws you.
* * * LOW HITPOINT WARNING * * *
The harpy claws you!
* * * LOW HITPOINT WARNING * * *
You block the harpy's attack. The harpy claws you.
* * * LOW HITPOINT WARNING * * *
The harpy claws you but does no damage. The harpy claws you.
You die...

#....# #....# #....# ###
#....#######...
#.............
+#####+#+#...........#
.....................#
.............o.J.....#
.......##...JJ.H@....#
#.#..........h.H.....#
#...........J........#######
###.........................
#>....##.#####..J)........
#.....##..# #†J...†......
#.....###.## #............
#...††##...###J...........
#........∩.H.#.......##+##


You could see a very large slime creature, 6 slime creatures, 2 harpies, a hog
and an orc.

Vanquished Creatures
  Rupert (D:12)
  Fannar (D:11)
  4 catoblepae (Lair:6)
  6 hydras
  Erica (Lair:2)
  6 death yaks
  Urug (Lair:5)
  An unseen horror (D:11)
  A lindwurm (Lair:4)
  A necromancer (Lair:6)
  2 ugly things (D:11)
  4 manticores
  2 cyclopes (D:12)
  7 elephants
  2 black mambas
  A torpor snail (Lair:6)
  11 spiny frogs
  6 komodo dragons
  2 rime drakes
  The ghost of magicm the Chopper, an amateur MiFi (D:4)
  Grinder (D:3)
  A hornet (Lair:5)
  A tyrant leech (Lair:3)
  9 polar bears (Lair:6)
  15 dream sheep
  2 slime creatures
  9 hippogriffs
  7 blink frogs
  A raiju (Lair:6)
  Sigmund (D:3)
  25 yaks
  A wyvern (Lair:3)
  A vampire (D:13)
  3 basilisks (D:11)
  3 hogs (D:13)
  2 hungry ghosts
  4 wargs (Lair:6)
  A swamp worm (Lair:3)
  15 water moccasins
  A soldier ant (D:12)
  12 porcupines
  12 black bears
  14 hell hounds (Lair:6)
  An ice beast (D:12)
  2 necrophages
  13 orc warriors
  A swamp drake (D:10)
  9 ogres
  A phantom (D:9)
  23 wolves
  7 crocodiles
  11 centaurs
  A big kobold (D:7)
  15 bullfrogs
  Blork the orc (D:5)
  A wyvern zombie (D:11)
  11 killer bees
  3 scorpions
  3 wights (D:8)
  6 howler monkeys
  3 crimson imps
  A bullfrog zombie (D:11)
  6 jellies
  9 orc priests
  4 hounds
  A centaur skeleton (D:5)
  4 iguanas
  2 bullfrog skeletons (D:4)
  12 orc wizards
  3 polar bear simulacra (Lair:6)
  2 yak simulacra (Lair:6)
  8 worker ants
  A killer bee zombie (D:9)
  2 wolf simulacra (Lair:6)
  2 hound skeletons
  A worker ant zombie (D:6)
  4 gnolls
  11 adders
  2 shadow imps
  8 oozes
  2 adder skeletons (D:8)
  An adder zombie (D:6)
  4 worms
  6 dart slugs
  7 leopard geckos
  53 orcs
  5 ball pythons
  2 bats (D:2)
  10 giant cockroaches
  4 goblins
  9 hobgoblins
  13 jackals
  8 kobolds
  12 quokkas
  3 frilled lizards
  3 rats
  A river rat simulacrum (Lair:6)
  A plant (D:12)
541 creatures vanquished.

Vanquished Creatures (collateral kills)
  2 catoblepae (Lair:6)
  2 elephants (Lair:6)
  A spiny frog (Lair:6)
  3 dream sheep (Lair:6)
  A yak (Lair:6)
  2 hell hounds (Lair:6)
  3 wolves (Lair:6)
  A crocodile (Lair:6)
  2 yak simulacra (Lair:6)
  A polar bear simulacrum (Lair:6)
  2 fungi (Lair:6)
  A plant (Lair:6)
21 creatures vanquished.

Vanquished Creatures (others)
  A black mamba (Lair:6)
  9 fungi
  17 plants
  24 spectral weapons
51 creatures vanquished.

Grand Total: 613 creatures vanquished

Notes
Turn   | Place    | Note
-------+----------+-------------------------------------------
     0 | D:1      | gruber the Gnoll Skald began the quest for the Orb.
     0 | D:1      | Reached XP level 1. HP: 20/20 MP: 6/6
    55 | D:1      | Reached XP level 2. HP: 25/26 MP: 7/7
   325 | D:1      | Reached skill level 5 in Spellcasting
   325 | D:1      | Reached XP level 3. HP: 23/31 MP: 2/9
   369 | D:1      | Learned a level 2 spell: Shroud of Golubria
   373 | D:1      | Learned a level 3 spell: Regeneration
   377 | D:1      | Learned a level 3 spell: Spectral Weapon
   771 | D:2      | Reached skill level 1 in Invocations
   790 | D:2      | Reached skill level 1 in Short Blades
   790 | D:2      | Reached skill level 1 in Long Blades
   790 | D:2      | Reached skill level 1 in Axes
   790 | D:2      | Reached skill level 1 in Maces & Flails
   790 | D:2      | Reached skill level 1 in Staves
   790 | D:2      | Reached skill level 1 in Slings
   790 | D:2      | Reached skill level 1 in Bows
   790 | D:2      | Reached skill level 1 in Crossbows
   790 | D:2      | Reached skill level 1 in Throwing
   790 | D:2      | Reached skill level 1 in Stealth
   790 | D:2      | Reached skill level 1 in Shields
   790 | D:2      | Reached skill level 1 in Unarmed Combat
   790 | D:2      | Reached skill level 1 in Evocations
   814 | D:2      | Reached XP level 4. HP: 26/38 MP: 3/11
   930 | D:2      | Found a shadowy altar of Dithmenos.
   982 | D:2      | Reached skill level 1 in Conjurations
   982 | D:2      | Reached skill level 1 in Hexes
   982 | D:2      | Reached skill level 1 in Summonings
   982 | D:2      | Reached skill level 1 in Necromancy
   982 | D:2      | Reached skill level 1 in Translocations
   982 | D:2      | Reached skill level 1 in Transmutations
   982 | D:2      | Reached skill level 1 in Fire Magic
   982 | D:2      | Reached skill level 1 in Ice Magic
   982 | D:2      | Reached skill level 1 in Air Magic
   982 | D:2      | Reached skill level 1 in Earth Magic
   982 | D:2      | Reached skill level 1 in Poison Magic
  1225 | D:3      | Reached XP level 5. HP: 41/43 MP: 8/12
  1256 | D:3      | Noticed Sigmund
  1465 | D:3      | Noticed an ogre
  1476 | D:3      | Killed an ogre
  1476 | D:3      | Reached XP level 6. HP: 5/50 MP: 10/13
  1920 | D:3      | Killed Sigmund
  1920 | D:3      | Reached skill level 5 in Fighting
  1920 | D:3      | Reached skill level 5 in Polearms
  1920 | D:3      | Reached skill level 5 in Dodging
  1920 | D:3      | Reached XP level 7. HP: 27/56 MP: 1/15
  1993 | D:3      | Noticed Grinder
  2041 | D:3      | Killed Grinder
  2648 | D:4      | Found a runed door.
  2651 | D:4      | Noticed magicm's ghost (amateur MiFi)
  3461 | D:4      | Found a staircase to the Ecumenical Temple.
  3630 | Temple   | Entered the Ecumenical Temple
  3860 | Temple   | Became a worshipper of Makhleb the Destroyer
  3893 | D:5      | Entered Level 5 of the Dungeon
  3907 | D:5      | Reached XP level 8. HP: 33/63 MP: 2/16
  4158 | D:5      | Got a twitching copper ring
  4197 | D:5      | Found Hiuvud's Gadget Shop.
  4622 | D:5      | Noticed Blork the orc
  4631 | D:5      | Killed Blork the orc
  4934 | D:6      | Found Kamn's Distillery.
  4943 | D:6      | Bought a potion of heal wounds for 55 gold pieces
  4943 | D:6      | Bought a potion of curing for 33 gold pieces
  5014 | D:6      | Found a glowing golden altar of the Shining One.
  5048 | D:6      | Found a radiant altar of Vehumet.
  5130 | D:6      | Found a snail-covered altar of Cheibriados.
  5132 | D:6      | Found a white marble altar of Elyvilon.
  5758 | D:7      | Reached * piety under Makhleb
  5776 | D:7      | Identified the ring "Poogay" {rPois rF+ Str+4 Int+3} (You
                  | found it on level 5 of the Dungeon)
  6085 | D:7      | Reached XP level 9. HP: 54/69 MP: 15/18
  6552 | D:7      | Found Mobotog's Magic Scroll Shop.
  6589 | D:7      | Bought a scroll of enchant armour for 90 gold pieces
  6589 | D:7      | Bought a scroll of fear for 42 gold pieces
  6589 | D:7      | Bought a scroll of magic mapping for 42 gold pieces
  6589 | D:7      | Bought a scroll of teleportation for 36 gold pieces
  6589 | D:7      | Bought a scroll of remove curse for 36 gold pieces
  6934 | D:8      | Reached skill level 5 in Armour
  7022 | D:8      | Reached ** piety under Makhleb
  7467 | D:9      | Reached skill level 5 in Invocations
  7508 | D:9      | Found a stormy altar of Qazlal.
  7726 | D:9      | Reached XP level 10. HP: 60/77 MP: 11/20
  7957 | D:9      | Found an ornate altar of the Wu Jian Council.
  7983 | D:10     | Entered Level 10 of the Dungeon
  8085 | D:10     | Found Biurasenet's Jewellery Shoppe.
  8113 | D:10     | Found a staircase to the Orcish Mines.
  8133 | D:10     | Reached skill level 5 in Short Blades
  8133 | D:10     | Reached skill level 5 in Long Blades
  8133 | D:10     | Reached skill level 5 in Axes
  8133 | D:10     | Reached skill level 5 in Maces & Flails
  8133 | D:10     | Reached skill level 5 in Staves
  8133 | D:10     | Reached skill level 5 in Slings
  8133 | D:10     | Reached skill level 5 in Bows
  8133 | D:10     | Reached skill level 5 in Crossbows
  8133 | D:10     | Reached skill level 5 in Throwing
  8133 | D:10     | Reached skill level 5 in Stealth
  8133 | D:10     | Reached skill level 5 in Shields
  8133 | D:10     | Reached skill level 5 in Unarmed Combat
  8133 | D:10     | Reached skill level 5 in Evocations
  8148 | D:10     | Reached *** piety under Makhleb
  9025 | D:11     | HP: 3/79 [centaur/arrow (8)]
  9388 | D:11     | Noticed a white ugly thing
  9407 | D:11     | Killed a white ugly thing
  9469 | D:11     | Noticed an elephant
  9485 | D:11     | Reached XP level 11. HP: 84/84 MP: 20/22
  9525 | D:11     | Noticed a manticore
  9648 | D:11     | Noticed a white ugly thing
  9659 | D:11     | Killed a cyan ugly thing
  9806 | D:11     | Killed an unseen horror
  9806 | D:11     | Reached skill level 5 in Conjurations
  9806 | D:11     | Reached skill level 5 in Hexes
  9806 | D:11     | Reached skill level 5 in Summonings
  9806 | D:11     | Reached skill level 5 in Necromancy
  9806 | D:11     | Reached skill level 5 in Translocations
  9806 | D:11     | Reached skill level 5 in Transmutations
  9806 | D:11     | Reached skill level 5 in Fire Magic
  9806 | D:11     | Reached skill level 5 in Ice Magic
  9806 | D:11     | Reached skill level 5 in Air Magic
  9806 | D:11     | Reached skill level 5 in Earth Magic
  9806 | D:11     | Reached skill level 5 in Poison Magic
  9911 | D:11     | Noticed Fannar
  9979 | D:11     | Reached **** piety under Makhleb
 10234 | D:11     | Noticed a four-headed hydra
 10245 | D:11     | Killed a manticore
 10273 | D:11     | Found a staircase to the Lair.
 10333 | D:11     | Killed a four-headed hydra
 10343 | Lair:1   | Entered Level 1 of the Lair of Beasts
 10645 | Lair:1   | Noticed a six-headed hydra
 10884 | Lair:1   | Found a transporter.
 10889 | Lair:1   | Noticed smtktc's ghost (novice DECj)
 11010 | Lair:1   | Found a transporter.
 11370 | Lair:2   | Found a runed door.
 11372 | Lair:2   | Noticed Jaiteiro's ghost (journeyman HaHu)
 11489 | Lair:2   | Reached XP level 12. HP: 66/92 MP: 24/24
 11568 | Lair:2   | Noticed a spriggan rider
 11597 | Lair:2   | Noticed an eight-headed hydra
 11687 | Lair:2   | Noticed Erica
 11877 | Lair:1   | Killed a six-headed hydra
 12026 | Lair:2   | Killed Erica
 12256 | Lair:3   | Found a hole to the Spider Nest.
 12627 | Lair:3   | Found a staircase to the Swamp.
 12936 | Lair:3   | Found a blossoming altar of Fedhas.
 13415 | Lair:4   | Reached ***** piety under Makhleb
 13421 | Lair:4   | Learned a level 4 spell: Animate Dead
 14089 | Lair:5   | Found a staircase to the Slime Pits.
 14090 | Lair:5   | Found a viscous altar of Jiyva.
 14196 | Lair:5   | Reached XP level 13. HP: 96/100 MP: 8/26
 14477 | Lair:5   | Noticed Urug
 14497 | Lair:5   | Killed Urug
 14918 | Lair:6   | Entered Level 6 of the Lair of Beasts
 16873 | Lair:6   | Reached skill level 10 in Spellcasting
 16901 | Lair:6   | Reached XP level 14. HP: 78/109 MP: 19/28
 17151 | Lair:6   | Found a shadowy altar of Dithmenos.
 17697 | Lair:6   | Reached skill level 10 in Fighting
 17697 | Lair:6   | Reached skill level 10 in Polearms
 17697 | Lair:6   | Reached skill level 10 in Dodging
 17743 | Lair:6   | Reached ****** piety under Makhleb
 18091 | Lair:6   | Identified Eta Nanu's Tome of Flight
 18909 | Lair:6   | Reached skill level 10 in Invocations
 19324 | D:4      | Killed magicm's ghost
 19627 | Orc:1    | Entered Level 1 of the Orcish Mines
 19628 | Orc:1    | Noticed Nergalle
 20041 | D:11     | Killed Fannar
 20178 | D:12     | Noticed Rupert
 20194 | D:12     | Killed Rupert
 20540 | D:12     | Found a roughly hewn altar of Beogh.
 21424 | D:12     | Identified a scroll of acquirement
 21428 | D:12     | Got a pair of steaming gloves
 21429 | D:12     | Identified the +0 pair of gloves of Undesirable Species
                  | {rN+ Int+4 Slay+2} (You acquired it on level 12 of the
                  | Dungeon)
 21539 | D:13     | Found a portal to a secret trove of treasure.
 21602 | D:13     | Noticed Kirke
 21691 | D:13     | HP: 4/111 [harpy[Kirke] (9)]
 21692 | D:13     | Slain by a harpy

Skill      XL: |  1  2  3  4  5  6  7  8  9 10 11 12 13 14 |
---------------+-------------------------------------------+-----
Spellcasting   | 5 6 7 8 9 10 | 10.6
Invocations    | 1 2 3 4 5 6 7 8 9 10 | 10.2
Short Blades   | 1 2 3 4 5 6 7 8 9 |  9.4
Long Blades    | 1 2 3 4 5 6 7 8 9 |  9.4
Axes           | 1 2 3 4 5 6 7 8 9 |  9.4
Maces & Flails | 1 2 3 4 5 6 7 8 9 |  9.4
Staves         | 1 2 3 4 5 6 7 8 9 |  9.4
Slings         | 1 2 3 4 5 6 7 8 9 |  9.4
Bows           | 1 2 3 4 5 6 7 8 9 |  9.4
Crossbows      | 1 2 3 4 5 6 7 8 9 |  9.4
Throwing       | 1 2 3 4 5 6 7 8 9 |  9.4
Stealth        | 1 2 3 4 5 6 7 8 9 |  9.4
Shields        | 1 2 3 4 5 6 7 8 9 |  9.4
Unarmed Combat | 1 2 3 4 5 6 7 8 9 |  9.4
Evocations     | 1 2 3 4 5 6 7 8 9 |  9.4
Conjurations   | 1 2 3 4 5 6 7 |  7.9
Hexes          | 1 2 3 4 5 6 7 |  7.9
Summonings     | 1 2 3 4 5 6 7 |  7.9
Necromancy     | 1 2 3 4 5 6 7 |  7.9
Translocations | 1 2 3 4 5 6 7 |  7.9
Transmutations | 1 2 3 4 5 6 7 |  7.9
Fire Magic     | 1 2 3 4 5 6 7 |  7.9
Ice Magic      | 1 2 3 4 5 6 7 |  7.9
Air Magic      | 1 2 3 4 5 6 7 |  7.9
Earth Magic    | 1 2 3 4 5 6 7 |  7.9
Poison Magic   | 1 2 3 4 5 6 7 |  7.9
Armour         | 3 4 5 6 7 8 9 |  9.8
Fighting       | 5 6 7 8 9 10 | 10.4
Polearms       | 5 6 7 8 9 10 | 10.4
Dodging        | 5 6 7 8 9 10 | 10.4
Charms         | 6 7 8 9 |  9.6

Action                   |  1- 3 |  4- 6 |  7- 9 | 10-12 | 13-15 || total
-------------------------+-------+-------+-------+-------+-------++-------
Melee: Spear             |    81 |   154 |   142 |       |       ||   377
       Bite              |     9 |    12 |    44 |    96 |   146 ||   307
       Punch             |     1 |     1 |     1 |       |       ||     3
       Trident           |       |       |   317 |   721 |  1189 ||  2227
 Cast: Infusion          |     5 |       |     6 |    17 |    10 ||    38
       Spectral Weapon   |     2 |    11 |    52 |    74 |    92 ||   231
       Regeneration      |       |     4 |     8 |    26 |    19 ||    57
       Shroud of Golubri |       |     1 |     6 |    21 |    17 ||    45
       Animate Dead      |       |       |       |     1 |    10 ||    11
Invok: Lesser Servant of |       |       |       |       |     6 ||     6
  Use: Scroll            |       |       |     6 |       |    10 ||    16
       Potion            |       |       |     1 |     1 |     5 ||     7
 Stab: Sleeping          |     4 |     3 |     9 |    12 |    12 ||    40
       Distracted        |       |       |       |     7 |    17 ||    24
       Petrified         |       |       |       |       |     6 ||     6
  Eat: Chunk             |       |     3 |    16 |    19 |    20 ||    58
       Ration            |       |       |     2 |     1 |     2 ||     5
Armor: Leather armour    |     5 |    16 |    35 |       |       ||    56
       Ring mail         |       |       |    55 |   193 |   323 ||   571
Dodge: Dodged            |    44 |    58 |   219 |   338 |   700 ||  1359
Block: Buckler           |       |       |    81 |   132 |   317 ||   530
